 Dungeon Crawl Stone Soup version 0.28-a0-1344-g6b9ff3a05d (webtiles) character file.

Game seed: 18172225713349655499

74 Deminshera the Sneak (level 4, -3/24 HPs)
             Began as a Kobold Enchanter on Dec 29, 2021.
             Slain by a phantom (5 damage)
             ... on level 3 of the Dungeon.
             The game lasted 00:03:52 (2771 turns).

Deminshera the Sneak (Kobold Enchanter)             Turns: 2771, Time: 00:03:53

Health: -3/24      AC:  2    Str:  5    XL:     4   Next: 54%
Magic:  8/8        EV: 15    Int: 18    God:
Gold:   97         SH:  0    Dex: 15    Spells: 3/8 levels left

rFire   . . .      SeeInvis .   i - +0 dagger (venom)
rCold   . . .      Faith    .   h - orb {guile}
rNeg    . . .      Spirit   .   b - +0 robe
rPois   .          Reflect  .   (no helmet)
rElec   .          Harm     .   (no cloak)
rCorr   .          Rampage  .   (no gloves)
Will    .....                   (no boots)
Stlth   ++++......              (no amulet)
HPRegen 0.08/turn               (no ring)
MPRegen 0.11/turn               (no ring)

@: no status effects
A: small, no large weapons, nightstalker 3
a: no special abilities


You were on level 3 of the Dungeon.
You visited 1 branch of the dungeon, and saw 3 of its levels.

You collected 97 gold pieces.

Inventory:

Hand Weapons
 i - a +0 dagger of venom (weapon)
Armour
 b - a +0 robe (worn)
 h - an orb of guile (worn)
Scrolls
 e - a scroll of identify {unknown}
Potions
 c - a potion of invisibility
 d - 2 potions of curing {unknown}
 f - 2 potions of attraction {unknown}
 g - a potion of brilliance {unknown}


   Skills:
 - Level 0.5 Fighting
 - Level 1.7 Short Blades
 - Level 2.4 Dodging
 - Level 4.4 Stealth
 + Level 2.6 Spellcasting
 - Level 3.0 Hexes
 - Level 3.0 Ice Magic


You had 3 spell levels left.
You knew the following spells:

 Your Spells              Type           Power      Damage    Failure   Level
a - Ensorcelled Hibernat  Hex/Ice        26%        N/A       8%          2
b - Tukima's Dance        Hex            13%        N/A       14%         3

Your spell library contained the following spells:

 Spells                   Type           Power      Damage    Failure   Level
 Confusing Touch          Hex            13%        N/A       14%         3
 Dazzling Flash           Conj/Hex       14%        N/A       26%         3


Dungeon Overview and Level Annotations

Branches:
Dungeon (3/15)

Altars:


Innate Abilities, Weirdness & Mutations

You are small and have problems with some larger weapons.
You are completely attuned to the shadows.


Message History

No target in view!
No target in view!
Done exploring.
No target in view!
Done exploring.
No target in view!
Done exploring.
No target in view!
There is a stone staircase leading down here.
You climb downwards.
Found a robe.
There is a stone staircase leading up here.
The helpless bat fails to defend itself.
You puncture the bat!
You kill the bat!
You see here a +0 robe.
A phantom comes into view.
You closely miss the phantom. You hit the phantom but do no damage.
The phantom hits you!
The phantom blinks!
You blink.
Found an escape hatch in the ceiling.
Casting: Ensorcelled Hibernation (safe; 8% risk of failure)
Confirm with . or Enter, or press ? or * to list all spells.
You can't see any susceptible monsters within range! (Use Z to cast anyway.)
An endoplasm comes into view.
There is an escape hatch in the ceiling here.
The helpless endoplasm fails to defend itself.
You puncture the endoplasm!
You kill the endoplasm!
The phantom hits you!
* * * LOW HITPOINT WARNING * * *
The phantom blinks!
You blink.
The phantom hits you.
* * * LOW HITPOINT WARNING * * *
The phantom hits you but does no damage.
There is an escape hatch in the ceiling, spattered with blood here.
The phantom hits you.
* * * LOW HITPOINT WARNING * * *
The phantom blinks!
You blink.
You stop ascending the stairs.
The phantom hits you.
You die...

#..# #..#
###..#####
.......<.#
###.[###.#
#..# .#
#..# ..
#..# ...
#.@# #.W#
#..#
#..#.#
#..#.#
#..#.#
#..#.#
#....#
#...##


You could see a phantom.

Vanquished Creatures
  2 adders (D:2)
  A dart slug (D:1)
  7 ball pythons
  5 bats
  6 endoplasms
  A giant cockroach (D:1)
  3 goblins
  3 hobgoblins (D:1)
  7 jackals (D:1)
  2 quokkas (D:2)
  2 frilled lizards
  3 kobolds
  6 rats
48 creatures vanquished.

Notes
Turn   | Place    | Note
-------+----------+-------------------------------------------
     0 | D:1      | Deminshera the Kobold Enchanter began the quest for the
                  | Orb.
     0 | D:1      | Reached XP level 1. HP: 10/10 MP: 3/3
   482 | D:1      | Reached XP level 2. HP: 16/16 MP: 5/5
   485 | D:1      | Learned a level 2 spell: Ensorcelled Hibernation
   535 | D:1      | Reached skill level 1 in Ice Magic
   729 | D:1      | Reached XP level 3. HP: 20/20 MP: 6/6
  1087 | D:1      | Found a faded altar of an unknown god.
  1477 | D:1      | Learned a level 3 spell: Tukima's Dance
  2147 | D:2      | Reached XP level 4. HP: 24/24 MP: 7/7
  2751 | D:3      | Noticed a phantom
  2771 | D:3      | Slain by a phantom

Illustrated notes

Levels and vault maps discovered:
D:1:      dpeg_arrival_water_temple_mockup, layout_basic,
          ebering_ecumenical_altar_rust
D:2:      layout_loops_ring, minivault_24
D:3:      layout_basic, mainiacjoe_overflow_catwalk,
          mainiacjoe_overflow_catwalk_spiral, serial_shops,
          nicolae_lakefront_shop, uniq_crazy_yiuf_cottage

Skill      XL: |  1  2  3  4 |
---------------+-------------+-----
Ice Magic      | 1 2 3 |  3.0
Fighting       | |  0.5
Short Blades   | |  1.7
Dodging        | |  2.4
Stealth        | |  4.4
Spellcasting   | |  2.6
Hexes          | |  3.0

Action                   |  1- 3 |  4- 6 || total
-------------------------+-------+-------++-------
Melee: Dagger            |    83 |    11 ||    94
 Cast: Ensorcelled Hiber |     4 |       ||     4
 Stab: Sleeping          |    31 |     7 ||    38
Armor: Robe              |     8 |     2 ||    10
Dodge: Dodged            |    41 |     1 ||    42

Table legend: (Time is in decaauts)
 A = Elapsed time spent in this place.
 B = Non-inter-level travel time spent in this place.
 C = Inter-level travel time spent in this place.
 D = Time resting spent in this place.
 E = Time spent auto-exploring this place.
 F = Levels seen in this place.
 G = Mean time per level.
                   A        B        C        D        E       F      G
               +--------+--------+--------+--------+--------+-----+--------+
         Total |   2762 |   2498 |    264 |    761 |   1445 |   3 |  920.7 |
       Dungeon |   2762 |   2498 |    264 |    761 |   1445 |   3 |  920.7 |
               +--------+--------+--------+--------+--------+-----+--------+

Top non-repeatable levels by time:
     D:1: 1520 daAuts
     D:2: 1205 daAuts
     D:3: 36 daAuts
